 Dungeon Crawl Stone Soup version 0.31-a0-1147-g46bab52692 (webtiles) character file.

Game seed: 4867185052706173343

2630 naabman the Basher (level 9, -20/57 HPs)
             Began as a Gargoyle Berserker on Dec 7, 2023.
             Was an Elder of Trog.
             Demolished by an orc warlord
             ... wielding a +5 broad axe
              (24 damage)
             ... in a bailey.
             The game lasted 00:41:44 (5523 turns).

naabman the Basher (Gargoyle Berserker)             Turns: 5523, Time: 00:41:51

Health: -20/57     AC: 21    Str: 21    XL:     9   Next: 61%
Magic:  9/9        EV: 10    Int: 16    God:    Trog [****..]
Gold:   252        SH:  0    Dex: 20    Spells: 8/8 levels left

rFire   . . .        h - +1 flail (heavy)
rCold   . . .        (no shield)
rNeg    + . .        C - +0 chain mail of Servitude {Rampage Dex+3}
rPois   ∞            y - +2 helmet
rElec   +            (no cloak)
rCorr   .            L - +0 pair of gloves
SInv    .            (no boots)
Will    .....        n - amulet of regeneration Stlth
                     o - +6 ring of dexterity
HPRegen 1.09/turn    w - +6 ring of intelligence
MPRegen 0.11/turn

%: rampage
@: no status effects
A: sickness immunity, AC +6, negative energy resistance 1, electricity
resistance, torment resistance 1, petrification resistance
a: Renounce Religion, Berserk, Trog's Hand, Brothers in Arms


You were in a bailey.
You worshipped Trog.
Trog was greatly pleased with you.
You visited 1 branch of the dungeon, and saw 7 of its levels.
You also visited: Bailey.

You collected 252 gold pieces.

Inventory:

Hand Weapons
 a - a +0 mace
 h - a +1 heavy flail (weapon)
 s - a +7 club
 t - a +2 short sword of freezing
 z - a +2 short sword of venom
 B - a +2 dagger of protection
Armour
 b - a +0 animal skin
 c - a +0 plate armour
 y - a +2 helmet (worn)
 C - the +0 chain mail of Servitude (worn) {Rampage Dex+3}
   (You found it on level 5 of the Dungeon)

   Dex+3:     It affects your dexterity (+3).
   Rampage:   It bestows one free step when moving towards enemies.
 G - +0 storm dragon scales
 L - a +0 pair of gloves (worn)
Jewellery
 n - an amulet of regeneration (around neck)
 o - a +6 ring of dexterity (left hand)
 u - a ring of willpower
 w - a +6 ring of intelligence (right hand)
 D - a +6 ring of dexterity
 I - a +5 ring of evasion
Wands
 m - a wand of paralysis (17)
 r - a wand of flame (8)
 J - a wand of digging (7)
Scrolls
 f - 3 scrolls of identify {unknown}
 j - 2 scrolls of enchant weapon {unknown}
 k - 3 scrolls of enchant armour {unknown}
 l - 3 scrolls of teleportation {unknown}
 p - a scroll of vulnerability {unknown}
 A - a scroll of poison {unknown}
 E - a scroll of blinking {unknown}
 F - a scroll of immolation {unknown}
Potions
 d - 2 potions of attraction {unknown}
 e - a potion of magic {unknown}
 g - a potion of enlightenment {unknown}
 i - 2 potions of might {unknown}
 q - 2 potions of haste {unknown}
 v - 4 potions of resistance {unknown}
 x - 4 potions of heal wounds {unknown}
 H - a potion of mutation {unknown}
 K - a potion of degeneration {unknown}
 M - a potion of curing {unknown}


   Skills:
 + Level 7.1 Fighting
 + Level 9.3 Maces & Flails
 + Level 7.4 Armour
 + Level 2.8 Dodging
 + Level 1.7 Stealth


You had 8 spell levels left.
You didn't know any spells.
Your spell library was empty.

Dungeon Overview and Level Annotations

Branches:
Dungeon (7/15)             Temple (0/1) D:4          Bailey (1/1)

Altars:
Gozag

Shops:
D:6 [


Innate Abilities, Weirdness & Mutations

You are immune to sickness and miasma.
Your stone body is resilient. (AC +6)
You are immune to poison.
You resist negative energy. (rN+)
You are resistant to electric shocks. (rElec)
You are resistant to unholy torment.
You are immune to petrification.


Message History

The orc is lightly wounded.
The orc hits you but does no damage.
You hit the orc but do no damage.
The orc is lightly wounded.
The orc hits you but does no damage.
You hit the orc but do no damage.
The orc is lightly wounded.
The orc closely misses you. The orc completely misses you.
You hit the orc.
The orc is moderately wounded.
The orc closely misses you.
You thump the orc!
You kill the orc!
Trog accepts your kill.
An orc warlord and an orc warrior come into view.
The orc warlord shouts!
The orc warrior shouts!
You hear a shout! x2
There is an open door, spattered with blood here.
Items here: ))))) [[[[[ †.
You rampage towards the orc warrior!
A goblin comes into view. It is wielding a +0 hand axe.
The goblin shouts!
You thump the orc warrior!
The orc warrior is moderately wounded.
You hear a shout!
An orc warrior comes into view. It is wielding a +0 war axe.
The orc warrior barely misses you.
The orc warlord roars a battlecry!
The orc warriors go into a battle-frenzy!
You hear a shout! x2
You barely miss the orc warrior.
The orc warrior is moderately wounded.
The orc warrior shouts!
The orc warrior barely misses you.
You hit the orc warrior but do no damage.
The orc warrior is moderately wounded.
The orc warlord hits you with a +5 broad axe!
The orc warrior hits you with a +0 broad axe!! x2
* * * LOW HITPOINT WARNING * * *
The orc warlord hits you with a +5 broad axe!!
You die...

#...........).....
#.....⌠.....#.....
#...........#.....
#...........#.....
###.........###....
###.#)#.....###
###..
###.....###.### ###
##?........### #
#?!....@o..8#
#!.....o...8#
#∩....⌠.....'..
#?.....g...8#...
#!?.....o..8##..
##!........## ..
###.....### ###.#'#


You could see an orc warlord, 2 orc warriors and a goblin.

Vanquished Creatures
  The ghost of Thargor the Slasher, a novice GnRe of Ashenzari (D:7)
  Grinder (D:3)
  A wyvern (D:5)
  5 orc warriors (Bailey)
  An ice beast (D:5)
  2 black bears
  2 ogres (D:5)
  2 bullfrogs
  3 scorpions
  2 hounds
  Crazy Yiuf (D:7)
  Ijyb (D:3)
  4 iguanas
  Natasha (thrice) (D:3)
  2 orc wizards
  Robin (D:3)
  6 adders
  7 gnolls
  A shadow imp (D:6)
  A white imp (D:6)
  4 ufetubi
  2 worms (D:2)
  3 dart slugs
  15 orcs
  4 ball pythons
  2 endoplasms
  4 giant cockroaches
  20 goblins
  19 hobgoblins
  2 jackals (D:2)
  6 kobolds
  6 quokkas
  4 bats
  5 frilled lizards
  8 rats
151 creatures vanquished.

Notes
Turn   | Place    | Note
-------+----------+-------------------------------------------
     0 | D:1      | naabman the Gargoyle Berserker began the quest for the Orb.
     0 | D:1      | Reached XP level 1. HP: 14/14 MP: 1/1
   119 | D:1      | Reached XP level 2. HP: 19/19 MP: 2/2
   378 | D:1      | Reached XP level 3. HP: 20/24 MP: 3/3
  1492 | D:2      | Reached ** piety under Trog
  1493 | D:2      | Reached XP level 4. HP: 29/29 MP: 4/4
  1637 | D:2      | Reached skill level 4 in Maces & Flails
  1764 | D:3      | Noticed Natasha
  1774 | D:3      | Killed Natasha
  1831 | D:3      | Noticed Natasha
  1834 | D:3      | Killed Natasha
  1835 | D:3      | Reached XP level 5. HP: 34/34 MP: 5/5
  1869 | D:3      | Noticed Robin
  1891 | D:3      | Noticed Ijyb
  1897 | D:3      | Killed Ijyb
  1898 | D:3      | Killed Robin
  1927 | D:3      | Reached skill level 5 in Maces & Flails
  1927 | D:3      | Reached XP level 6. HP: 36/40 MP: 6/6
  2029 | D:3      | Noticed Natasha
  2035 | D:3      | Killed Natasha
  2082 | D:3      | Noticed Grinder
  2101 | D:3      | Killed Grinder
  2102 | D:3      | Reached skill level 5 in Fighting
  2102 | D:3      | Reached XP level 7. HP: 44/44 MP: 7/7
  2229 | D:3      | Reached skill level 6 in Maces & Flails
  2567 | D:4      | Reached skill level 1 in Stealth
  2628 | D:4      | Found a staircase to the Ecumenical Temple.
  2798 | D:4      | Reached *** piety under Trog
  3061 | D:5      | Entered Level 5 of the Dungeon
  3106 | D:5      | Identified the +0 chain mail of Servitude {Rampage Dex+3}
  3421 | D:5      | Found an opulent altar of Gozag.
  3658 | D:5      | Reached skill level 7 in Maces & Flails
  3658 | D:5      | Reached XP level 8. HP: 29/51 MP: 8/8
  3688 | D:5      | Reached skill level 5 in Armour
  3746 | D:5      | Noticed a wyvern
  3755 | D:5      | Killed a wyvern
  3903 | D:5      | Reached skill level 8 in Maces & Flails
  4188 | D:6      | Found Fuoraklig's Armour Shop.
  5100 | D:7      | Found a runed translucent door.
  5101 | D:7      | Noticed Crazy Yiuf
  5106 | D:7      | Killed Crazy Yiuf
  5141 | D:7      | Found a runed translucent door.
  5160 | D:7      | Reached XP level 9. HP: 50/56 MP: 9/9
  5177 | D:7      | Noticed Thargor's ghost (novice GnRe)
  5187 | D:7      | Killed Thargor's ghost
  5263 | D:7      | Found a flagged portal.
  5308 | Bailey   | Entered a bailey
  5390 | Bailey   | Reached **** piety under Trog
  5405 | Bailey   | Reached skill level 9 in Maces & Flails
  5518 | Bailey   | Noticed an orc warlord
  5523 | Bailey   | Demolished by an orc warlord

Illustrated notes

Levels and vault maps discovered:
D:1:      sevenhm_arrival_forest_fort_small_1, layout_basic
D:2:      layout_basic
D:3:      layout_rooms, nicolae_goblin_pals, uniq_grinder, uniq_natasha
D:4:      layout_loops_ring, minmay_temple_entry_tees
D:5:      layout_loops_corners, nicolae_gozag_cash_rules_everything_around_me,
          eino_curves_02, minmay_increasing_density
D:6:      layout_cave_pods, serial_shops, shop
D:7:      layout_basic, mainiacjoe_overflow_alcove_3, enter_bailey_4,
          ebering_ghost_reflecting_pool, uniq_joseph, uniq_menkaure,
          uniq_maurice, uniq_crazy_yiuf_cottage
Bailey:   bailey_axe_minmay_hex_keep, bailey

Skill      XL: |  1  2  3  4  5  6  7  8  9 |
---------------+----------------------------+-----
Fighting       | 4 5 6 7 |  7.1
Maces & Flails | 4 5 7 8 9 |  9.3
Armour         | 3 4 6 7 |  7.4
Stealth        | 1 |  1.7
Dodging        | 2 |  2.8

Action                     |  1- 3 |  4- 6 |  7- 9 || total
---------------------------+-------+-------+-------++-------
  Melee: Mace              |    70 |       |       ||    70
         Punch             |     2 |       |     3 ||     5
         Flail             |    54 |    65 |   229 ||   348
 Armour: Plate armour      |   165 |    66 |    29 ||   260
         Chain mail        |       |       |   249 ||   249
  Dodge: Dodged            |    75 |    28 |   156 ||   259

Table legend: (Time is in decaauts)
 A = Elapsed time spent in this place.
 B = Non-inter-level travel time spent in this place.
 C = Inter-level travel time spent in this place.
 D = Time resting spent in this place.
 E = Time spent auto-exploring this place.
 F = Levels seen in this place.
 G = Mean time per level.
                   A        B        C        D        E       F      G
               +--------+--------+--------+--------+--------+-----+--------+
         Total |   5756 |   1734 |   4022 |      0 |      0 |   8 |  719.5 |
       Dungeon |   5511 |   1489 |   4022 |      0 |      0 |   7 |  787.3 |
        Bailey |    245 |    245 |      0 |      0 |      0 |   1 |  245.0 |
               +--------+--------+--------+--------+--------+-----+--------+

Top non-repeatable levels by time:
     D:5: 1119 daAuts
     D:1: 1040 daAuts
     D:6: 940 daAuts
     D:2: 782 daAuts
     D:4: 689 daAuts
     D:3: 682 daAuts
     D:7: 256 daAuts
  Bailey: 245 daAuts
